 Dungeon Crawl Stone Soup version 0.21-a0-504-g2eda330 (webtiles) character file.

245 4thArraOfDagon the Firebug (level 5, -4/28 HPs)
             Began as a Deep Elf Fire Elementalist on Nov 26, 2017.
             Was an Initiate of Vehumet.
             Slain by an ice beast (14 damage)
             ... on level 5 of the Dungeon.
             The game lasted 00:04:17 (706 turns).

4thArraOfDagon the Firebug (DEFE)                    Turns: 706, Time: 00:04:18

Health: -4/28      AC:  2    Str:  5    XL:     5   Next: 84%
Magic:  1/13       EV: 13    Int: 21    God:    Vehumet [......]
Gold:   84         SH:  0    Dex: 15    Spells: 5/13 levels left

rFire    . . .     SeeInvis .   b - book of Flames
rCold    . . .     Gourm    .   (no shield)
rNeg     . . .     Faith    .   a - +0 robe
rPois    .         Spirit   .   (no helmet)
rElec    .         Reflect  .   (no cloak)
rCorr    .         Harm     .   (no gloves)
MR       .....                  (no boots)
Stlth    ++........             (no amulet)
HPRegen  0.09/turn              (no ring)
MPRegen  0.13/turn              (no ring)

@: very slightly contaminated
A: no striking features
a: Renounce Religion


You were on level 5 of the Dungeon.
You worshipped Vehumet.
Vehumet was noncommittal.
You were not hungry.

You visited 1 branch of the dungeon, and saw 5 of its levels.

You collected 84 gold pieces.

Inventory:

Armour
 a - a +0 robe (worn)
Scrolls
 e - a scroll of enchant weapon {unknown}
 f - a scroll of identify {unknown}
Books
 b - a book of Flames (in hand)

   Spells                             Type                      Level
   a - Flame Tongue                   Conjuration/Fire             1
   b - Throw Flame                    Conjuration/Fire             2
   c - Conjure Flame                  Conjuration/Fire             3
   d - Inner Flame                    Hexes/Fire                   3
   e - Sticky Flame                   Conjuration/Fire             4
   f - Fireball                       Conjuration/Fire             5
Comestibles
 c - 2 bread rations
 d - 2 royal jellies


   Skills:
 - Level 2.4 Dodging
 - Level 2.4 Stealth
 + Level 4.5 Spellcasting
 * Level 4.1 Conjurations
 * Level 5.2 Fire Magic


You had 5 spell levels left.
You knew the following spells:

 Your Spells              Type           Power        Failure   Level  Hunger
a - Flame Tongue          Conj/Fire      ###..        1%          1    None
b - Conjure Flame         Conj/Fire      ###.....     4%          3    ##.....
c - Sticky Flame          Conj/Fire      ###.....     16%         4    ####...


Dungeon Overview and Level Annotations

Branches:
Dungeon (5/15)             Temple (0/1) D:4

Altars:
Vehumet

Annotations:
D:4 p0werm0de's ghost, amateur OpAM


Message History

Casting: Flame Tongue
Confirm with . or Enter, or press ? or * to list all spells.
Aiming: Sticky Flame
Press: ? - help, Shift-Dir - straight line, f/p - ice beast
Aim: an ice beast (moderately wounded)
You miscast Sticky Flame.
You feel uncomfortably hot. The ice beast hits you. The ice beast freezes you!
Unknown command.
Unknown command.
Casting: Sticky Flame
Confirm with . or Enter, or press ? or * to list all spells.
Aiming: Sticky Flame
Press: ? - help, Shift-Dir - straight line, f/p - ice beast
Aim: an ice beast (moderately wounded)
The sticky flame hits the ice beast.
The ice beast melts!
The ice beast is heavily wounded.
The ice beast is covered in liquid flames!
The ice beast burns!
The ice beast hits you. The ice beast freezes you!
Ouch! That really hurt!
You die...

#....... #...... #.....
#.#.# ..#.# #.#.#
#.#.#####....
###.........#># ###
#####
#.....#####.#.##### #..
....#
###.#.#####.#.#...###..
....#
#...#.@..##.#......##.#
....#
###.#Y##...............
.##.#
#.#.#####.##........#
.##.# .#
#.........##....##...
....# .#
###.########.#..##...
.#### .# ##.##
#.##.##.## .<..## .#
#...# #........#
####.##.# #...#
###..###.# ####.#..#
#...# ###..# .#


You could see an ice beast (burning).

Vanquished Creatures
  A centaur (D:5)
  An ogre (D:5)
  A centaur skeleton (D:5)
  A worker ant zombie (D:5)
  2 adders (D:5)
  A shadow imp (D:5)
  An ooze (D:3)
  A giant cockroach (D:4)
  A goblin (D:2)
  A quokka (D:4)
  2 frilled lizards
  A rat (D:1)
14 creatures vanquished.

Notes
Turn   | Place    | Note
-------+----------+-------------------------------------------
     0 | D:1      | 4thArraOfDagon the Deep Elf Fire Elementalist began the quest for the Orb.
     0 | D:1      | Reached XP level 1. HP: 10/10 MP: 6/6
    83 | D:5      | Entered Level 5 of the Dungeon
   101 | D:4      | Reached XP level 2. HP: 15/15 MP: 6/8
   162 | D:5      | Found a radiant altar of Vehumet.
   162 | D:5      | Noticed a crimson imp
   164 | D:5      | Noticed an ogre
   296 | D:5      | Noticed a crimson imp
   335 | D:5      | Noticed a crimson imp
   344 | D:4      | Found a staircase to the Ecumenical Temple.
   418 | D:5      | Noticed a centaur
   428 | D:5      | Killed a centaur
   428 | D:5      | Reached skill level 4 in Fire Magic
   428 | D:5      | Reached XP level 3. HP: 1/19 MP: 1/10
   428 | D:5      | Reached XP level 4. HP: 2/24 MP: 1/11
   435 | D:5      | Learned a level 3 spell: Conjure Flame
   440 | D:5      | Learned a level 4 spell: Sticky Flame
   554 | D:5      | Killed an ogre
   554 | D:5      | Reached skill level 5 in Fire Magic
   554 | D:5      | Reached XP level 5. HP: 16/28 MP: 3/13
   565 | D:5      | Became a worshipper of Vehumet
   590 | D:4      | Noticed p0werm0de's ghost (amateur OpAM)
   672 | D:5      | Noticed an ice beast
   706 | D:5      | Slain by an ice beast

Vault maps used:
D:1:      lightli_iron_boxes
D:2:      grunt_ministairs_5
D:3:      lemuel_coloured_pillars_altar, tso_oasis_becter
D:4:      minmay_temple_entry_grid, first_bread, uniq_duvessa
D:5:      nicolae_overflow_crystal_walls, lemuel_zombie_altar_yredelemnul

Skill      XL: |  1  2  3  4  5 |
---------------+----------------+-----
Conjurations   | 3 4 |  4.1
Fire Magic     | 4 5 |  5.2
Spellcasting   | 4 |  4.5
Dodging        | |  2.4
Stealth        | |  2.4

Action                   |  1- 3 |  4- 6 || total
-------------------------+-------+-------++-------
 Cast: Flame Tongue      |    23 |    12 ||    35
       Conjure Flame     |       |     2 ||     2
       Sticky Flame      |       |     2 ||     2
Armor: Robe              |     2 |       ||     2
Dodge: Dodged            |    15 |     3 ||    18

Table legend:
 A = Spawn XP
 B = Non-spawn XP
 C = Spawn XP percentage of total XP
 D = Spawn monster count
 E = Non-spawn monster count
 F = Spawn count percentage of total count
 G = Total turns spent on level
                    A         B        C        D         E        F      G
               +---------+---------+-------+---------+---------+-------+---------
         Total |       0 |     351 |   0.0 |       0 |      14 |   0.0 |   706
               +---------+---------+-------+---------+---------+-------+---------
           D:1 |       0 |       2 |   0.0 |       0 |       2 |   0.0 |    24
           D:2 |       0 |       2 |   0.0 |       0 |       1 |   0.0 |    42
           D:3 |       0 |       7 |   0.0 |       0 |       1 |   0.0 |    19
           D:4 |       0 |       4 |   0.0 |       0 |       2 |   0.0 |   156
           D:5 |       0 |     336 |   0.0 |       0 |       8 |   0.0 |   465
               +---------+---------+-------+---------+---------+-------+---------
